 Dungeon Crawl Stone Soup version 0.22.1-7-g5c428e77e6 (webtiles) character file.

109391 Dork the Severer (level 17, -5/142 HPs)
             Began as a Formicid Fighter on Feb 14, 2019.
             Was the Champion of the Shining One.
             Killed from afar by Jorgrun (56 damage)
             ... with an iron shot
             ... on level 2 of the Spider Nest.
             The game lasted 01:31:22 (33055 turns).

Dork the Severer (Formicid Fighter)                Turns: 33055, Time: 01:31:22

Health: -5/142     AC: 21    Str: 38    XL:     17   Next: 7%
Magic:  26/26      EV: 10    Int: 18    God:    the Shining One [******]
Gold:   2409       SH: 13    Dex: 10    Spells: 23/24 levels left

rFire    . . .     SeeInvis +   a - +7 battleaxe (elec)
rCold    . . .     Gourm    .   c - +0 shield
rNeg     + + +     Faith    .   W - +2 plate armour {rC+}
rPois    +         Spirit   .   (helmet unavailable)
rElec    .         Reflect  .   (no cloak)
rCorr    .         Harm     .   j - +0 pair of gloves of Tetiol {rPois rN+ Str+4}
MR       ++...                  x - +1 pair of boots "Ferenn" {rC- Str+9 Int+7}
Stlth    ..........             (no amulet)
HPRegen  0.33/turn              l - ring of protection from magic
MPRegen  0.20/turn              R - +2 ring of evasion

@: lethally poisoned (-5 -> -12), glowing
A: permanent stasis, dig shafts and tunnels, four strong arms, antennae 3
a: Dig, Shaft Self, Divine Shield, Cleansing Flame, Summon Divine Warrior, Brand
Weapon With Holy Wrath, Renounce Religion


You were on level 2 of the Spider Nest.
You worshipped the Shining One.
The Shining One was exalted by your worship.
You were not hungry.

You visited 4 branches of the dungeon, and saw 25 of its levels.
You also visited: Labyrinth, Sewer and Bailey.

You collected 3483 gold pieces.
You spent 1074 gold pieces at shops.

Inventory:

Hand Weapons
 a - a +7 battleaxe of electrocution (weapon)
 e - the +1 hand axe "Killer Klown's Bane" {chop, rF+ MR+}
   (You found it on level 11 of the Dungeon)

   It inflicts extra damage upon your enemies.
   It protects you from fire.
   It affects your resistance to hostile enchantments.
 i - a +3 scimitar of flaming
 H - a +5 battleaxe
 I - a +0 halberd
Missiles
 d - 15 poisoned javelins
 g - 37 tomahawks (quivered)
Armour
 c - a +0 shield (worn)
 j - the +0 pair of gloves of Tetiol (worn) {rPois rN+ Str+4}
   (You bought it in a shop on level 8 of the Dungeon)

   It affects your strength (+4).
   It protects you from poison.
   It protects you from negative energy.
 x - the +1 pair of boots "Ferenn" (worn) {rC- Str+9 Int+7}
   (You found it in a bailey)

   It affects your strength (+9).
   It affects your intelligence (+7).
   It makes you vulnerable to cold.
 B - a +2 scale mail of fire resistance
 C - the +3 salamander hide armour {+Rage rF++}
   (You found it on level 6 of the Dungeon)

   It greatly protects you from fire.
   It lets you go berserk.
 Q - the +1 pair of boots of Trog {Int+6}
   (You found it on level 1 of the Lair of Beasts)

   It affects your intelligence (+6).
 W - a +2 plate armour of cold resistance (worn)
Jewellery
 l - a ring of protection from magic (left hand)
 p - an uncursed ring of protection from fire
 q - an uncursed ring of ice
 v - an uncursed ring of flight
 G - an uncursed ring of wizardry {unknown}
 O - an uncursed ring of protection from fire
 R - a +2 ring of evasion (right hand)
Wands
 m - a wand of iceblast (63)
 n - a wand of paralysis (2)
 w - a wand of disintegration (22)
 K - a wand of acid (20)
 U - a wand of scattershot (1)
Scrolls
 k - 2 scrolls of enchant armour
 r - 10 scrolls of remove curse
 y - 4 scrolls of fog
 A - 3 scrolls of fear
 D - a scroll of amnesia
 E - 2 scrolls of holy word
 S - 3 scrolls of identify
Potions
 b - a potion of ambrosia
 o - 3 potions of agility
 s - 5 potions of lignification
 t - 4 potions of flight
 u - 11 potions of curing
 F - a potion of mutation
 J - a potion of cancellation
 L - 5 potions of brilliance
 M - a potion of resistance
 P - a potion of magic
 T - 3 potions of heal wounds
Miscellaneous
 h - a fan of gales
Comestibles
 f - 41 rations
 z - 3 chunks of flesh


   Skills:
 * Level 15.5 Fighting
 + Level 18.0 Axes
 * Level 11.3 Armour
 - Level 9.0 Shields
 - Level 4.0 Spellcasting
 - Level 4.8 Hexes
 * Level 12.5 Invocations


You had 23 spell levels left.
You knew the following spells:

 Your Spells              Type           Power        Failure   Level  Hunger
a - Confusing Touch       Hex            ###...       10%         1    None

Your spell library contained the following spells:

 Spells                   Type           Power        Failure   Level  Hunger
 Corona                   Hex            ###....      10%         1    None
 Confuse                  Hex            ###.....     28%         3    ###....
 Tukima's Dance           Hex            ###.....     28%         3    ###....
 Ensorcelled Hibernation  Hex/Ice        ##....       36%         2    ##.....
 Beastly Appendage        Tmut           #.....       54%         1    None
 Flame Tongue             Conj/Fire      #....        54%         1    None
 Summon Small Mammal      Summ           #...         54%         1    None
 Dazzling Spray           Conj/Hex       ##....       58%         3    ###....
 Inner Flame              Hex/Fire       ##......     58%         3    ###....
 Summon Guardian Golem    Hex/Summ       ##......     58%         3    ###....
 Call Imp                 Summ           #.......     69%         2    ##.....
 Corpse Rot               Necr           N/A          69%         2    ##.....
 Sticks to Snakes         Tmut           #.......     69%         2    ##.....
 Throw Flame              Conj/Fire      #.....       69%         2    ##.....
 Call Canine Familiar     Summ           #.......     89%         3    ###....
 Conjure Flame            Conj/Fire      #.......     89%         3    ###....
 Gell's Gravitas          Tloc           #.........   89%         3    ###....
 Spider Form              Tmut/Pois      #.........   89%         3    ###....
 Stone Arrow              Conj/Erth      #.....       89%         3    ###....
 Leda's Liquefaction      Hex/Erth       ##........   94%         4    ####...
 Ice Form                 Ice/Tmut       #.......     100%        4    ####...
 Petrify                  Tmut/Erth      #.......     100%        4    ####...
 Sticky Flame             Conj/Fire      #.......     100%        4    ####...
 Summon Ice Beast         Ice/Summ       #.......     100%        4    ####...
 Summon Lightning Spire   Summ/Air       #.......     100%        4    ####...
 Blade Hands              Tmut           #.........   100%        5    ######.
 Fireball                 Conj/Fire      #.........   100%        5    ######.
 Metabolic Englaciation   Hex/Ice        ##........   100%        5    ######.
 Summon Forest            Summ/Tloc      #.........   100%        5    ######.
 Yara's Violent Unravell  Hex/Tmut       ##........   100%        5    ######.
 Bolt of Cold             Conj/Ice       #.........   100%        6    #######
 Freezing Cloud           Conj/Ice/Air   #.........   100%        6    #######
 Hydra Form               Tmut           #.........   100%        6    #######
 Ozocubu's Refrigeration  Ice            #.........   100%        6    #######
 Simulacrum               Ice/Necr       #.........   100%        6    #######
 Summon Hydra             Summ           #.........   100%        7    #######


Dungeon Overview and Level Annotations

Branches:
Dungeon (15/15)            Temple (0/1) D:4            Lair (6/6) D:11
  Swamp (0/4) Lair:2       Spider (2/4) Lair:4        Slime (0/5) Lair:5
    Orc (2/2) D:12            Elf (0/3) Orc:2        Vaults (0/5) D:13
 Depths (0/5) D:15

Altars:
Ashenzari
Dithmenos
Gozag
Makhleb
Nemelex Xobeh
Ru
Trog
Wu Jian
Zin
The Shining One
Beogh

Shops:
D:5 *   D:8 %[[*!   Orc:2 :[(*

Annotations:
D:2 exclusion: 2 downstairs
D:4 exclusion: downstairs
D:15 1 exclusion
Spider:1 1 runed door, Agnes; Elizilla's ghost, adept FoFi
Spider:2 Arachne; Jorgrun


Innate Abilities, Weirdness & Mutations

You cannot be hasted, slowed, berserked, paralysed or teleported.
You can dig through walls and to a lower floor.
Your four strong arms can wield two-handed weapons with a shield.
You have a pair of large antennae on your head. (SInv)


Message History

The bolt of poison hits you! You resist.
The jumping spider leaps!
Arachne hits you with a staff of poison.
You slice Arachne!!
Arachne is severely wounded.
You feel sick.
The jumping spider leaps!
Arachne hits you with a staff of poison!
You are more poisoned.
Unknown command.
Your plate armour prevents you from hitting Arachne.
Arachne is severely wounded.
You feel sick.
Arachne points her staff at you, shooting a stream of webbing.
You block the stream of webbing.
Unknown command.
You slice Arachne!!
Arachne is severely wounded.
You feel sick. Arachne hits you but does no damage.
Jorgrun gestures at you while chanting. The iron shot hits you!
You die...

#.##...## .......##
#..# #.......## #
#... #........##.#
#...##....g[....#
#....##..........
#..#....# #.ยง...#
##..#....####..H.##
.##...#.....##.#@^##
.##.........)..s###
................^.#
.#
##..##.......##... #
##....#......#.....
#######.##........#
...
....###...........#
........
....{.#...........#
......#
......#......^....##
......#


You could see Arachne, Jorgrun and a jumping spider.

Vanquished Creatures
  Gastronok (Lair:1)
  Agnes (Spider:1)
  A fire giant (D:15)
  Nessos (Lair:4)
  Azrael (D:14)
  A minotaur (Lab)
  2 dire elephants (Lair:6)
  2 vault guards (D:13)
  4 hydras
  Erolcha (Orc:1)
  A great orb of eyes (D:15)
  A merfolk avatar (Lair:6)
  Erica (D:8)
  4 centaur warriors
  A death knight (D:12)
  4 death yaks (Lair:6)
  A tengu warrior (D:15)
  4 orc high priests (Orc:2)
  5 skeletal warriors
  4 unseen horrors
  4 wizards
  A lindwurm (Lair:6)
  7 orc knights
  A necromancer (D:13)
  A harpy (Lair:6)
  A phantasmal warrior (D:12)
  6 orb spiders
  2 oklob plants (D:11)
  11 wolf spiders
  3 deep elf magi
  An ugly thing (D:8)
  4 orc sorcerers
  6 cyclopes
  2 centaur zombies
  Psyche (D:10)
  2 black mambas
  5 spiny frogs
  Joseph (D:8)
  An efreet (D:13)
  10 rime drakes
  9 komodo dragons
  3 demonic crawlers (Spider:2)
  2 freezing wraiths
  2 trolls
  5 polar bears
  10 jumping spiders
  3 hornets
  15 blink frogs
  3 wind drakes (Lair:6)
  Prince Ribbit (D:5)
  A meliai zombie (D:11)
  9 dream sheep (Lair:6)
  A hippogriff (shapeshifter) (D:13)
  10 hippogriffs
  3 wraiths
  A shadow (D:15)
  6 hungry ghosts
  18 redbacks
  3 fire elementals (D:14)
  5 tarantellas
  19 humans (D:13)
  51 yaks
  A vampire (D:15)
  Grum (D:11)
  6 wyverns (Lair:6)
  2 basilisks (Lair:3)
  5 vampire mosquitoes
  2 wargs
  A soldier ant (D:14)
  Menkaure (D:5)
  13 water moccasins
  3 hell hounds (D:14)
  8 porcupines
  2 acid dragons
  Purgy (Sewer)
  3 sky beasts
  47 orc warriors
  2 phantoms
  6 ice beasts
  4 necrophages
  16 ogres
  An eye of draining (D:11)
  18 wolves
  26 centaurs
  16 crocodiles
  15 bullfrogs
  A wyvern skeleton (D:11)
  3 scorpions
  23 wights
  6 killer bees (D:13)
  4 howler monkeys
  6 crimson imps
  2 bullfrog zombies
  20 orc priests
  10 hounds
  3 centaur skeletons
  3 iguanas
  7 jellies
  4 bullfrog skeletons
  24 orc wizards
  12 worker ants
  2 hound zombies
  2 worker ant zombies (D:11)
  14 adders
  3 shadow imps
  7 oozes
  An adder skeleton (D:5)
  4 dart slugs
  2 leopard geckos
  69 orcs
  4 giant cockroaches
  6 goblins
  5 hobgoblins
  17 jackals
  9 kobolds
  5 quokkas
  14 bats
  5 frilled lizards
  A leopard gecko zombie (D:8)
  3 quokka skeletons
  A quokka zombie (D:7)
  10 rats
  4 fungi
  9 plants
816 creatures vanquished.

Vanquished Creatures (collateral kills)
  An orc warlord (Orc:2)
  An orc high priest (Orc:2)
  An orc sorcerer (Orc:2)
  An orc warrior (Orc:2)
  An orc priest (Orc:2)
  An orc (Orc:2)
6 creatures vanquished.

Vanquished Creatures (others)
  A demonic crawler (Spider:1)
  A bush (Lair:6)
  22 fungi
  30 plants (Lair:6)
54 creatures vanquished.

Grand Total: 876 creatures vanquished

Notes
Turn   | Place    | Note
-------+----------+-------------------------------------------
     0 | D:1      | Dork the Formicid Fighter began the quest for the Orb.
     0 | D:1      | Reached XP level 1. HP: 18/18 MP: 1/1
    58 | D:1      | Reached XP level 2. HP: 11/24 MP: 2/2
   429 | D:1      | Reached XP level 3. HP: 29/29 MP: 3/3
   741 | D:1      | Reached skill level 3 in Axes
  1315 | D:2      | Found a shadowy altar of Dithmenos.
  1493 | D:2      | Reached XP level 4. HP: 32/35 MP: 4/4
  2819 | D:2      | Reached skill level 4 in Axes
  2985 | D:3      | Reached XP level 5. HP: 34/41 MP: 5/5
  3231 | D:3      | Reached skill level 5 in Axes
  4034 | D:3      | Reached XP level 6. HP: 29/47 MP: 6/6
  4603 | D:3      | Reached skill level 6 in Axes
  4844 | D:4      | Noticed an ogre
  4857 | D:3      | Killed an ogre
  4857 | D:3      | Reached XP level 7. HP: 38/52 MP: 7/7
  4948 | D:4      | Reached skill level 7 in Axes
  5162 | D:4      | Found an ornate altar of the Wu Jian Council.
  5164 | D:4      | Found a sacrificial altar of Ru.
  5165 | D:4      | Found a glowing golden altar of the Shining One.
  5170 | D:4      | Became a worshipper of the Shining One
  5368 | D:4      | Reached skill level 8 in Axes
  5431 | D:4      | Found a glowing drain.
  5440 | Sewer    | Entered a sewer
  5512 | Sewer    | Noticed Purgy
  5524 | Sewer    | Killed Purgy
  5524 | Sewer    | Reached XP level 8. HP: 58/58 MP: 8/8
  5652 | D:4      | Found a staircase to the Ecumenical Temple.
  5785 | D:5      | Entered Level 5 of the Dungeon
  5785 | D:5      | Noticed Menkaure
  5843 | D:5      | Reached skill level 9 in Axes
  5850 | D:5      | Killed Menkaure
  5874 | D:5      | Noticed Prince Ribbit
  5874 | D:5      | Reached * piety under the Shining One
  6080 | D:5      | Killed Prince Ribbit
  6080 | D:5      | Reached skill level 10 in Axes
  6361 | D:5      | Found a shattered altar of Ashenzari.
  6362 | D:5      | Found Ciotow's Assorted Antiques.
  6365 | D:5      | Bought a pair of runed gloves for 195 gold pieces
  6423 | D:5      | Noticed a hippogriff
  6432 | D:5      | Killed a hippogriff
  6432 | D:5      | Reached XP level 9. HP: 62/64 MP: 9/9
  6998 | D:6      | Reached skill level 11 in Axes
  7111 | D:6      | Reached skill level 1 in Invocations
  7649 | D:6      | Found the +3 salamander hide armour {+Rage rF++}
  7704 | D:6      | Found a burning altar of Makhleb.
  8314 | D:7      | Reached skill level 5 in Shields
  8339 | D:7      | Reached ** piety under the Shining One
  8350 | D:7      | Reached XP level 10. HP: 48/73 MP: 12/12
  8508 | D:7      | Reached skill level 5 in Fighting
  8643 | D:7      | Found a bloodstained altar of Trog.
  9170 | D:8      | Noticed a purple ugly thing
  9188 | D:8      | Killed a purple ugly thing
  9188 | D:8      | Reached skill level 12 in Axes
 10100 | D:8      | Found Qelus's General Store.
 10126 | D:8      | Found Taessino's Distillery.
 10131 | D:8      | Bought a potion of mutation for 120 gold pieces
 10131 | D:8      | Bought a potion of curing for 45 gold pieces
 10205 | D:8      | Reached skill level 5 in Armour
 10512 | D:8      | Noticed Joseph
 10530 | D:8      | Killed Joseph
 10793 | D:8      | Noticed Erica
 10814 | D:8      | Killed Erica
 10888 | D:8      | Found Jaadgh's Armour Emporium.
 10926 | D:8      | Found Lolyss's Antique Armour Emporium.
 11022 | D:8      | Reached skill level 5 in Invocations
 11028 | D:8      | Found a sparkling altar of Nemelex Xobeh.
 11136 | D:8      | Found Beylug's Food Shop.
 11232 | D:9      | Reached XP level 11. HP: 82/82 MP: 14/14
 11313 | D:9      | Found a glowing silver altar of Zin.
 11370 | D:9      | Reached *** piety under the Shining One
 12038 | D:10     | Entered Level 10 of the Dungeon
 12070 | D:10     | Noticed an unseen horror
 12087 | D:10     | Killed an unseen horror
 12241 | D:10     | Noticed an unseen horror
 12249 | D:10     | Killed an unseen horror
 12287 | D:10     | Reached skill level 13 in Axes
 12864 | D:10     | Found an opulent altar of Gozag.
 12957 | D:10     | Noticed Psyche
 12968 | D:10     | Reached **** piety under the Shining One
 12973 | D:10     | Killed Psyche
 13410 | D:11     | Got a crystal hand axe
 13412 | D:11     | Identified the cursed +1 hand axe "Killer Klown's Bane"
                  | {chop, rF+ MR+} (You found it on level 11 of the Dungeon)
 13453 | D:11     | Found a labyrinth entrance.
 13456 | Lab      | Entered a labyrinth
 13620 | Lab      | Reached ***** piety under the Shining One
 13872 | Lab      | Noticed a minotaur
 13881 | Lab      | Killed a minotaur
 13881 | Lab      | Reached XP level 12. HP: 31/94 MP: 17/17
 14232 | D:11     | Noticed Grum
 14241 | D:11     | Killed Grum
 15008 | D:11     | Noticed a centaur warrior
 15023 | D:11     | Killed a centaur warrior
 15716 | D:11     | Found a staircase to the Lair.
 16036 | D:12     | Noticed an unseen horror
 16045 | D:12     | Killed an unseen horror
 16101 | D:12     | Noticed a death knight
 16108 | D:12     | Reached skill level 14 in Axes
 16123 | D:12     | Killed a death knight
 16503 | D:12     | Found a staircase to the Orcish Mines.
 16530 | D:12     | Reached skill level 10 in Fighting
 16602 | D:12     | Got a twisted chain mail
 16613 | D:12     | Identified the cursed +1 chain mail of Xom's Righteous
                  | Anger {Str-4 Int+2 Dex+5} (You found it on level 12 of the
                  | Dungeon)
 16787 | D:8      | Bought a pair of glowing boots for 202 gold pieces
 16966 | D:12     | Reached XP level 13. HP: 103/103 MP: 19/19
 17904 | D:13     | Noticed a centaur warrior
 17912 | D:13     | Killed a centaur warrior
 18140 | D:13     | Reached skill level 15 in Axes
 18439 | D:13     | Reached ****** piety under the Shining One
 18453 | D:13     | Found a gate to the Vaults.
 18454 | D:13     | Noticed a vault guard
 18454 | D:13     | Noticed a vault guard
 18460 | D:13     | Killed a vault guard
 18462 | D:13     | Killed a vault guard
 18516 | D:13     | Got a twisted morningstar
 18517 | D:13     | Identified the +8 morningstar "Hawkipugh" {protect, *Slow
                  | rN+++ Str-3 SInv} (You found it on level 13 of the Dungeon)
 18554 | D:14     | Noticed a centaur warrior
 18569 | D:14     | Killed a centaur warrior
 18569 | D:14     | Reached XP level 14. HP: 85/115 MP: 21/21
 18645 | D:14     | Noticed Azrael
 18665 | D:14     | Killed Azrael
 18836 | D:14     | Reached skill level 10 in Invocations
 19628 | D:15     | Entered Level 15 of the Dungeon
 19943 | D:15     | Found a staircase to the Depths.
 19943 | D:15     | Noticed a fire giant
 20010 | D:14     | Reached skill level 16 in Axes
 20438 | D:15     | Killed a fire giant
 20782 | Lair:1   | Entered Level 1 of the Lair of Beasts
 21269 | Lair:1   | Noticed Gastronok
 21285 | Lair:1   | Killed Gastronok
 21305 | Lair:1   | Got a pair of encrusted boots
 21316 | Lair:1   | Identified the +1 pair of boots of Trog {Int+6} (You found
                  | it on level 1 of the Lair of Beasts)
 21819 | D:8      | Bought a pair of warped gloves for 256 gold pieces
 21834 | D:8      | Identified the cursed +0 pair of gloves of Tetiol {rPois
                  | rN+ Str+4} (You bought it in a shop on level 8 of the
                  | Dungeon)
 22134 | Lair:2   | Reached XP level 15. HP: 124/124 MP: 23/23
 22337 | Lair:2   | Found a staircase to the Swamp.
 22886 | Lair:3   | Learned a level 1 spell: Confusing Touch
 22979 | Lair:3   | Got a shimmering arbalest
 22980 | Lair:3   | Identified the +3 arbalest of Exquisite Torment {velocity,
                  | rElec Dex-3 Stlth+} (You found it on level 3 of the Lair of
                  | Beasts)
 23169 | D:8      | Bought a pair of polished gloves for 256 gold pieces
 23180 | D:8      | Identified the +0 pair of gloves of Uskayaw's Anger {rF+}
                  | (You bought it in a shop on level 8 of the Dungeon)
 23973 | Lair:3   | Reached skill level 1 in Hexes
 23979 | Lair:3   | Reached skill level 1 in Spellcasting
 24624 | Lair:4   | Noticed Nessos
 24641 | Lair:4   | Killed Nessos
 24943 | Lair:4   | Found a hole to the Spider Nest.
 25191 | Lair:5   | Found a staircase to the Slime Pits.
 25675 | Lair:6   | Entered Level 6 of the Lair of Beasts
 26098 | Lair:6   | Reached skill level 17 in Axes
 27034 | Lair:6   | Reached XP level 16. HP: 119/134 MP: 24/24
 28495 | Orc:1    | Entered Level 1 of the Orcish Mines
 28552 | Orc:1    | Reached skill level 10 in Armour
 28580 | Orc:1    | Noticed Erolcha
 28630 | Orc:1    | Found a flagged portal.
 28641 | Bailey   | Entered a bailey
 29333 | Bailey   | Got a pair of fine boots
 29344 | Bailey   | Identified the +1 pair of boots "Ferenn" {rC- Str+9 Int+7}
                  | (You found it in a bailey)
 29625 | Orc:1    | Killed Erolcha
 29760 | Orc:1    | Found a roughly hewn altar of Beogh.
 29806 | Orc:2    | Entered Level 2 of the Orcish Mines
 29808 | Orc:2    | Found a staircase to the Elven Halls.
 29851 | Orc:2    | Found Bihen's Book Boutique.
 29860 | Orc:2    | Reached skill level 15 in Fighting
 30324 | Orc:2    | Found Geugid's General Store.
 30613 | Orc:2    | Found Owagoc's Antique Weapon Boutique.
 30704 | Orc:2    | Found Iffom's Antique Armour Boutique.
 31103 | Spider:1 | Entered Level 1 of the Spider Nest
 31323 | Spider:1 | Noticed Agnes
 31334 | Spider:1 | Killed Agnes
 32354 | Spider:1 | Found a runed door.
 32355 | Spider:1 | Noticed Elizilla's ghost (adept FoFi)
 32616 | Spider:2 | Reached XP level 17. HP: 142/142 MP: 26/26
 32627 | Spider:2 | Reached skill level 18 in Axes
 33037 | Spider:2 | Noticed Arachne
 33048 | Spider:2 | Noticed Jorgrun
 33055 | Spider:2 | Killed from afar by Jorgrun

Skill      XL: |  1  2  3  4  5  6  7  8  9 10 11 12 13 14 15 16 17 |
---------------+----------------------------------------------------+-----
Shields        | 4 5 6 8 9 |  9.0
Axes           | 3 4 5 6 8 10 11 12 13 14 15 16 17 18 | 18.0
Invocations    | 2 5 6 8 9 10 11 12 | 12.5
Fighting       | 4 6 8 10 12 13 14 15 | 15.5
Armour         | 4 5 6 7 8 9 11 | 11.3
Hexes          | 4 |  4.8
Spellcasting   | 3 4 |  4.0

Action                   |  1- 3 |  4- 6 |  7- 9 | 10-12 | 13-15 | 16-18 || total
-------------------------+-------+-------+-------+-------+-------+-------++-------
Melee: War axe           |   119 |    33 |   242 |   392 |       |       ||   786
       Whip              |       |   152 |    95 |       |       |       ||   247
       Battleaxe         |       |       |       |   234 |   790 |   365 ||  1389
       Scimitar          |       |       |       |       |    10 |       ||    10
       Halberd           |       |       |       |       |       |    28 ||    28
Throw: Tomahawk          |       |     3 |    12 |     5 |       |    11 ||    31
Invok: Cleansing Flame   |       |       |       |       |     1 |       ||     1
       Summon Divine War |       |       |       |       |       |     2 ||     2
 Abil: Dig               |       |       |     1 |       |       |       ||     1
Evoke: Wand              |       |       |       |       |     9 |    77 ||    86
       Phantom mirror    |       |       |       |       |       |     1 ||     1
  Use: Potion            |       |     3 |     5 |     5 |       |     1 ||    14
       Scroll            |       |       |     9 |    15 |     6 |    10 ||    40
  Eat: Chunk             |     2 |    11 |    11 |    27 |    24 |    10 ||    85
       Ration            |       |       |       |     2 |     4 |     3 ||     9
Armor: Scale mail        |    44 |    90 |    22 |   177 |       |       ||   333
       Chain mail        |       |       |   102 |       |   282 |    13 ||   397
       Skin              |       |       |    19 |       |       |       ||    19
       Ring mail         |       |       |    39 |       |       |       ||    39
       Plate armour      |       |       |       |       |       |   134 ||   134
Dodge: Dodged            |    43 |    67 |    72 |   147 |   190 |   109 ||   628
Block: Shield            |    70 |   113 |   159 |   269 |   423 |   265 ||  1299
       Rpst.: Scimitar   |       |       |       |       |     1 |       ||     1
